 Dungeon Crawl Stone Soup version 0.14-a0-1707-g75daffb (webtiles) character file.

249 Psiweapon the Cudgeler (level 5, 0/32 HPs)
             Began as a Gargoyle Gladiator on Dec 26, 2013.
             Slain by an orc
             ... wielding a cursed +0,+0 orcish trident
              (2 damage)
             ... on Level 3 of the Dungeon on Dec 31, 2013.
             The game lasted 00:09:27 (2420 turns).

Psiweapon the Cudgeler (Gargoyle Gladiator)         Turns: 2420, Time: 00:09:28

HP   0/32        AC  8     Str 20      XL: 5   Next: 12%
MP   5/5         EV 12     Int  8      God:
Gold 120         SH  0     Dex 10      Spells:  0 memorised,  4 levels left

rFire  . . .     SeeInvis .     a - +0 mace
rCold  . . .     Clarity  .     b - +0 leather armour
rNeg   + . .     Conserve .     (no shield)
rPois  +         rCorr    .     c - +0 helmet
rElec  +         rRot     +     (no cloak)
SustAb . .       Spirit   .     (no gloves)
rMut   .         Warding  .     (no boots)
Saprov . . .     Stasis   .     (no amulet)
                                (no ring)
                                t - ring of protection from magic {unknown}

@: somewhat resistant to hostile enchantments, unstealthy
A: life protection 1, electricity resistance, unbreathing, petrification
resistance, AC +4
a: no special abilities


You were on level 3 of the Dungeon.
You were not hungry.

You visited 1 branch of the dungeon, and saw 3 of its levels.

You collected 120 gold pieces.

Inventory:

Hand weapons
 a - a +0,+0 mace (weapon)
Missiles
 s - a throwing net [torn] (quivered)
 v - a throwing net [frayed]
Armour
 b - a +0 leather armour (worn)
 c - a +0 helmet (worn)
Comestibles
 d - a chunk of bat flesh
 f - 3 bread rations
 p - 5 chunks of orc flesh
 w - an apple
Scrolls
 j - a scroll of fog {unknown}
 k - 3 scrolls of identify {unknown}
 l - a scroll of magic mapping {unknown}
 m - 5 scrolls of remove curse
 n - a scroll of recharging {unknown}
 o - a scroll of blinking {unknown}
 q - a scroll of immolation {unknown}
Jewellery
 t - a ring of protection from magic (left hand) {unknown}
Potions
 g - a potion of invisibility {unknown}
 h - 2 potions of curing {unknown}
 i - a potion of brilliance {unknown}


   Skills:
 + Level 3.4 Fighting
 + Level 4.3 Maces & Flails
 - Level 2.0 Throwing
 + Level 3.2 Dodging
 + Level 1.9 Stealth


You had 4 spell levels left.
You didn't know any spells.

Dungeon Overview and Level Annotations

Branches:
Dungeon (3/16)

Altars:


Innate Abilities, Weirdness & Mutations

You are resistant to torment.
You are immune to poison.
Your stone body is very resilient (AC +4).
You resist negative energy.
You are resistant to electric shocks.
You can survive without breathing.
You are immune to petrification.


Message History

The orc hits you but does no damage.
The orc hits you from afar with an orcish trident.
* * * LOW HITPOINT WARNING * * *
The orc priest barely misses you. The orc hits you but does no damage.
You hit the orc priest but do no damage.
The orc hits you but does no damage.
The orc priest hits you but does no damage.
The orc hits you but does no damage.
You hit the orc priest.
The orc priest is moderately wounded.
The orc hits you but does no damage. The orc priest misses you.
The orc closely misses you. The orc barely misses you.
The orc hits you but does no damage.
You sock the orc priest!
The orc priest is almost dead.
The orc hits you but does no damage. The orc hits you.
* * * LOW HITPOINT WARNING * * *
The orc priest closely misses you. The orc hits you but does no damage.
The orc hits you from afar with an orcish trident.
You die...

#.##.........#. . #.
#.........#)#...#
##.##.......<.#.#...#
#.............#!#...#
#.............#.#...#
#..)..........(.#...#
#..............##...#
#...................#
###..%....o.....@o..#
#...####.#....ooo.!#
#...#
#........o.....#
#...#
###............#
#.(.# #####........#
#...# #.......# .....
.......) #### #......
####


You could see an orc priest and 5 orcs.

Vanquished Creatures
  2 adders (D:2)
  3 gnolls (D:2)
  2 giant mites (D:2)
  2 worms
  A giant gecko (D:2)
  An ooze (D:2)
  3 orcs
  4 bats
  2 giant cockroaches (D:1)
  7 hobgoblins
  5 jackals
  A ball python (D:2)
  4 giant newts
  5 goblins
  6 kobolds
  4 rats
52 creatures vanquished.

Notes
Turn   | Place    | Note
--------------------------------------------------------------
     0 | D:1      | Psiweapon, the Gargoyle Gladiator, began the quest for the Orb.
     0 | D:1      | Reached XP level 1. HP: 12/12 MP: 1/1
   509 | D:1      | Reached XP level 2. HP: 8/18 MP: 2/2
   709 | D:1      | Upgraded the game from 0.14-a0-1637-gd423c14 to 0.14-a0-1653-g0ad7a2c
   709 | D:1      | Upgraded the game from 0.14-a0-1653-g0ad7a2c to 0.14-a0-1707-g75daffb
  1019 | D:2      | Reached XP level 3. HP: 17/22 MP: 3/3
  1375 | D:2      | Reached skill level 1 in Stealth
  1375 | D:2      | Reached XP level 4. HP: 21/28 MP: 4/4
  1470 | D:2      | Reached skill level 4 in Maces & Flails
  2081 | D:3      | Reached XP level 5. HP: 21/32 MP: 5/5
  2420 | D:3      | Slain by an orc

Action                   |  1- 3 |  4- 6 || total
-------------------------+-------+-------++-------
Melee: Mace              |   132 |    99 ||   231
Throw: Throwing net      |     3 |     4 ||     7
  Use: Scroll            |       |     3 ||     3
